 Dungeon Crawl Stone Soup version 0.31-a0-365-gcf821cafb2 (console) character file.

Game seed: 17745768256760950377

2732 jejorda2 the Grappler (level 9, -1/91 (111) HPs)
             Began as a Gnoll Berserker on July 27, 2023.
             Was a Priest of Trog.
             Slain by a wight
             ... wielding a +3 dire flail
              (15 damage)
             ... on level 7 of the Dungeon.
             The game lasted 00:13:59 (5821 turns).

jejorda2 the Grappler (Gnoll Berserker)             Turns: 5821, Time: 00:14:00

HP:   -1/91 (111)   AC: 14    Str: 20    XL:     9   Next: 67%
MP:   15/15         EV: 10    Int:  7    God:    Trog [***...]
Gold: 49            SH:  7    Dex: 12    Spells: 17/17 levels left

rFire   . . .        b - +3 war axe (heavy)
rCold   + . .        e - +2 buckler {rC+}
rNeg    . . .        F - +1 chain mail {Will+}
rPois   .            (no helmet)
rElec   .            l - +0 cloak
rCorr   +            G - +1 pair of gloves
SInv    .            (no boots)
Will    ++...        (no amulet) Stlth
                     m - ring of willpower
HPRegen 0.35/turn    w - ring of resist corrosion
MPRegen 0.14/turn

%: no passive effects
@: berserking, studying Maces & Flails, heavily drained, very quick
A: fangs 1, strong nose, distributed training
a: Renounce Religion, Berserk, Trog's Hand


You were on level 7 of the Dungeon.
You worshipped Trog.
Trog was most pleased with you.
You visited 1 branch of the dungeon, and saw 7 of its levels.

You collected 426 gold pieces.
You spent 377 gold pieces at shops.

Inventory:

Hand Weapons
 a - a +2 flail of protection
 b - a +3 heavy war axe (weapon)
Missiles
 q - 6 silver javelins
 z - 3 boomerangs
 D - 6 curare-tipped darts
Armour
 e - a +2 buckler of cold resistance (worn)
 l - a +0 cloak (worn)
 F - a +1 chain mail of willpower (worn)
 G - a +1 pair of gloves (worn)
Jewellery
 m - a ring of willpower (left hand)
 w - a ring of resist corrosion (right hand)
Wands
 n - a wand of light (2)
 p - a wand of polymorph (15)
 E - a wand of roots (2)
Scrolls
 j - a scroll of blinking
 k - a scroll of fog
 A - 6 scrolls of teleportation
Potions
 d - 2 potions of lignification
 f - a potion of might
 h - 4 potions of curing
 i - 5 potions of mutation
 t - 2 potions of enlightenment
 u - 2 potions of attraction
 v - a potion of cancellation


   Skills:
 + Level 8.1 Fighting
 + Level 4.5 Short Blades
 + Level 4.5 Long Blades
 + Level 4.5 Axes
 + Level 6.2 Maces & Flails
 + Level 4.5 Polearms
 + Level 4.5 Staves
 + Level 4.5 Ranged Weapons
 + Level 4.5 Throwing
 + Level 6.5 Armour
 + Level 6.5 Dodging
 + Level 4.5 Stealth
 + Level 4.5 Shields
 + Level 8.1 Unarmed Combat
 + Level 4.5 Spellcasting
 + Level 3.7 Conjurations
 + Level 3.7 Hexes
 + Level 3.7 Summonings
 + Level 3.7 Necromancy
 + Level 3.7 Translocations
 + Level 3.7 Transmutations
 + Level 3.7 Fire Magic
 + Level 3.7 Ice Magic
 + Level 3.7 Air Magic
 + Level 3.7 Earth Magic
 + Level 3.7 Poison Magic
 + Level 5.0 Invocations
 + Level 4.5 Evocations
 + Level 3.7 Shapeshifting


You had 17 spell levels left.
You didn't know any spells.
Your spell library was empty.

Dungeon Overview and Level Annotations

Branches:
Dungeon (7/15)
 Temple: D:4-7

Altars:
Cheibriados
Elyvilon
Gozag
Hepliaklqana
Nemelex Xobeh
Xom
The Shining One

Shops:
D:6 :**[


Innate Abilities, Weirdness & Mutations

You have very sharp teeth.
Your uncanny sense of smell can sniff out nearby items.
Your experience applies equally to all skills.


Message History

A wight comes into view. It is wielding a +3 dire flail.
The wight hits you with a +0 great sword.
You thump the wight!
The wight is heavily damaged.
The wight hits you with a +5 great sword of freezing!
You feel drained. The wight freezes you. The wight closely misses you.
You hit the wight.
The wight is severely damaged.
The wight barely misses you. x2
You closely miss the wight.
The wight is severely damaged.
The wight hits you with a +5 great sword of freezing.
The wight freezes you.
A wight comes into view. It is wielding a +0 mace.
You block the wight's attack. x2
Unknown command.
Your +2 flail of protection goes still.
b - a +3 heavy war axe (weapon)
The wight closely misses you.
The wight hits you with a +5 great sword of freezing.
You feel drained. The wight freezes you. The wight barely misses you. x2
A red film seems to cover your vision as you go berserk!
You feel yourself moving faster!
You feel mighty!
The wight hits you with a +5 great sword of freezing.
You feel drained. The wight barely misses you.
The wight hits you with a +0 great sword.
You feel a strong urge to attack something.
You closely miss the wight. You barely miss the wight.
You completely miss the wight. You barely miss the wight. You hit the wight.
The wight hits you with a +5 great sword of freezing!
* * * LOW HITPOINT WARNING * * *
You feel drained.
* * * LOW HITPOINT WARNING * * *
The wight freezes you.
* * * LOW HITPOINT WARNING * * *
The wight hits you with a +0 mace!
* * * LOW HITPOINT WARNING * * *
You feel drained. The wight barely misses you. The wight misses you.
The wight hits you with a +3 dire flail!
You die...

#.#...........
#....#........
#.......###...
##.#.#### .#
##.#.#### # #
#.......#
#.######..#.##.#
#..zzz.#..#.# #∆
#..z@.......#
#.##.z....##....
∆.....#.#.##
.... #.####.#...
.. . # #<####...
..# .. ### #


You could see 5 wights.

Vanquished Creatures
  The ghost of CraigForest the Ruffian, a novice FoSh of Hepliaklqana (D:5)
  Sigmund (D:2)
  Menkaure (D:6)
  A water moccasin (D:6)
  2 sky beasts
  An orc warrior (D:6)
  A black bear (D:5)
  An ice beast (D:5)
  3 ogres
  3 phantoms
  A bullfrog (D:6)
  A scorpion (D:6)
  A water moccasin zombie (D:5)
  3 killer bees (D:5)
  2 jellies
  A bullfrog skeleton (D:5)
  A gnoll bouda (D:5)
  2 orc priests
  A centaur skeleton (D:5)
  2 hounds
  Crazy Yiuf (D:2)
  Jessica (D:2)
  Natasha (thrice) (D:4)
  An iguana (D:4)
  4 orc wizards
  12 adders
  5 gnolls (D:5)
  A shadow imp (D:6)
  A white imp (D:7)
  2 ufetubi
  2 worms
  A dart slug (D:3)
  20 orcs
  2 ball pythons
  3 bats
  5 endoplasms
  6 giant cockroaches
  4 goblins
  6 hobgoblins
  3 jackals (D:4)
  9 kobolds
  4 frilled lizards
  4 rats (D:1)
130 creatures vanquished.

Notes
Turn   | Place    | Note
-------+----------+-------------------------------------------
     0 | D:1      | jejorda2 the Gnoll Berserker began the quest for the Orb.
     0 | D:1      | Reached XP level 1. HP: 23/23 MP: 1/1
   287 | D:1      | Reached XP level 2. HP: 19/29 MP: 2/2
   774 | D:2      | Noticed Sigmund
   889 | D:2      | Noticed Jessica
   893 | D:2      | Killed Jessica
   894 | D:2      | Reached skill level 1 in Invocations
   894 | D:2      | Reached XP level 3. HP: 35/35 MP: 2/4
   918 | D:2      | Found a faded altar of an unknown god.
   983 | D:2      | Killed Sigmund
   984 | D:2      | Reached skill level 1 in Short Blades
   984 | D:2      | Reached skill level 1 in Long Blades
   984 | D:2      | Reached skill level 1 in Axes
   984 | D:2      | Reached skill level 1 in Maces & Flails
   984 | D:2      | Reached skill level 1 in Polearms
   984 | D:2      | Reached skill level 1 in Staves
   984 | D:2      | Reached skill level 1 in Ranged Weapons
   984 | D:2      | Reached skill level 1 in Throwing
   984 | D:2      | Reached skill level 1 in Stealth
   984 | D:2      | Reached skill level 1 in Shields
   984 | D:2      | Reached skill level 1 in Spellcasting
   984 | D:2      | Reached skill level 1 in Conjurations
   984 | D:2      | Reached skill level 1 in Hexes
   984 | D:2      | Reached skill level 1 in Summonings
   984 | D:2      | Reached skill level 1 in Necromancy
   984 | D:2      | Reached skill level 1 in Translocations
   984 | D:2      | Reached skill level 1 in Transmutations
   984 | D:2      | Reached skill level 1 in Fire Magic
   984 | D:2      | Reached skill level 1 in Ice Magic
   984 | D:2      | Reached skill level 1 in Air Magic
   984 | D:2      | Reached skill level 1 in Earth Magic
   984 | D:2      | Reached skill level 1 in Poison Magic
   984 | D:2      | Reached skill level 1 in Evocations
   984 | D:2      | Reached skill level 1 in Shapeshifting
   984 | D:2      | Reached XP level 4. HP: 41/41 MP: 4/6
   984 | D:2      | Reached XP level 5. HP: 47/47 MP: 4/7
  1201 | D:2      | Found a runed translucent door.
  1202 | D:2      | Noticed Crazy Yiuf
  1209 | D:2      | Killed Crazy Yiuf
  1210 | D:2      | Reached XP level 6. HP: 53/53 MP: 8/8
  1595 | D:3      | Found a glowing golden altar of the Shining One.
  1635 | D:3      | Found a sparkling altar of Nemelex Xobeh.
  1733 | D:3      | Reached ** piety under Trog
  1765 | D:3      | Reached skill level 5 in Armour
  1765 | D:3      | Reached skill level 5 in Dodging
  2230 | D:3      | Found a faded altar of an unknown god.
  2230 | D:3      | Found a hazy altar of Hepliaklqana.
  2238 | D:3      | Found an opulent altar of Gozag.
  2240 | D:3      | Found a snail-covered altar of Cheibriados.
  2242 | D:3      | Found a faded altar of an unknown god.
  2627 | D:4      | Reached XP level 7. HP: 56/59 MP: 10/10
  2681 | D:4      | Found a shimmering altar of Xom.
  2721 | D:4      | Noticed Natasha
  2722 | D:4      | Killed Natasha
  2931 | D:4      | Noticed Natasha
  2945 | D:4      | Killed Natasha
  3123 | D:4      | Noticed Natasha
  3128 | D:4      | Killed Natasha
  3254 | D:5      | Entered Level 5 of the Dungeon
  3559 | D:5      | Reached XP level 8. HP: 45/67 MP: 12/12
  3794 | D:5      | Reached *** piety under Trog
  4086 | D:5      | Found a transporter.
  4091 | D:5      | Noticed CraigForest's ghost (novice FoSh)
  4227 | D:5      | Killed CraigForest's ghost
  4228 | D:5      | Reached skill level 5 in Maces & Flails
  4228 | D:5      | Reached XP level 9. HP: 73/73 MP: 13/15
  4234 | D:5      | Found a transporter.
  4286 | D:6      | Found Oni Reu's General Store.
  4301 | D:6      | Found Xybreh's Antique Armour Emporium.
  4344 | D:6      | Found a white marble altar of Elyvilon.
  4560 | D:6      | Found Haffock's Book Boutique.
  4705 | D:6      | Noticed Menkaure
  4721 | D:6      | Killed Menkaure
  5036 | D:6      | Found Rewysor's Assorted Antiques.
  5194 | D:6      | Reached skill level 5 in Invocations
  5354 | D:6      | Bought a scroll labelled XOIDDI RAWAH for 32 gold pieces
  5354 | D:6      | Bought a glowing blue potion for 28 gold pieces
  5354 | D:6      | Bought a clear potion for 28 gold pieces
  5354 | D:6      | Bought a glowing blue potion for 28 gold pieces
  5354 | D:6      | Bought a scroll labelled XOIDDI RAWAH for 32 gold pieces
  5354 | D:6      | Bought a scroll labelled RASOJATANU for 32 gold pieces
  5354 | D:6      | Bought a scroll labelled LANIETZ UDID for 32 gold pieces
  5419 | D:6      | Bought a pair of glowing gloves for 165 gold pieces
  5821 | D:7      | Slain by a wight

Illustrated notes

Levels and vault maps discovered:
D:1:      saegor_arrival_simple_c, layout_basic
D:2:      layout_basic, hellmonk_ecumenical_altar_slurped_away, uniq_jessica,
          uniq_crazy_yiuf_cottage, uniq_sigmund
D:3:      layout_basic, chequers_temple_overflow_minitemple,
          nemelex_altar_shiori, tso_metal_star
D:4:      layout_loops_ring, xom_teletrap_fun, uniq_natasha
D:5:      layout_rooms, gammafunk_ghost_mausoleum, reono_crystal_passage
D:6:      layout_basic, elyvilon_altar_1, serial_shops,
          nicolae_shop_rolling_square, shop, nicolae_stop_n_shop_2,
          nicolae_shop_window_shopping, uniq_menkaure
D:7:      layout_loops_cross, minmay_temple_entry_large_hall,
          nicolae_figureground_sparkle, uniq_joseph, uniq_pikel

Skill      XL: |  1  2  3  4  5  6  7  8  9 |
---------------+----------------------------+-----
Invocations    | 1 2 3 4 5 |  5.0
Short Blades   | 1 2 3 4 |  4.5
Long Blades    | 1 2 3 4 |  4.5
Axes           | 1 2 3 4 |  4.5
Maces & Flails | 1 2 3 5 6 |  6.2
Polearms       | 1 2 3 4 |  4.5
Staves         | 1 2 3 4 |  4.5
Ranged Weapons | 1 2 3 4 |  4.5
Throwing       | 1 2 3 4 |  4.5
Stealth        | 1 2 3 4 |  4.5
Shields        | 1 2 3 4 |  4.5
Spellcasting   | 1 2 3 4 |  4.5
Conjurations   | 1 2 3 |  3.7
Hexes          | 1 2 3 |  3.7
Summonings     | 1 2 3 |  3.7
Necromancy     | 1 2 3 |  3.7
Translocations | 1 2 3 |  3.7
Transmutations | 1 2 3 |  3.7
Fire Magic     | 1 2 3 |  3.7
Ice Magic      | 1 2 3 |  3.7
Air Magic      | 1 2 3 |  3.7
Earth Magic    | 1 2 3 |  3.7
Poison Magic   | 1 2 3 |  3.7
Evocations     | 1 2 3 4 |  4.5
Shapeshifting  | 1 2 3 |  3.7
Armour         | 5 6 |  6.5
Dodging        | 5 6 |  6.5
Fighting       | 7 8 |  8.1
Unarmed Combat | 7 8 |  8.1

Action                     |  1- 3 |  4- 6 |  7- 9 || total
---------------------------+-------+-------+-------++-------
  Melee: Unarmed           |    38 |    44 |       ||    82
         Bite              |       |     8 |    21 ||    29
         War axe           |       |    38 |    66 ||   104
         Flail             |       |       |   142 ||   142
 Invoke: Berserk           |     1 |     1 |     8 ||    10
         Trog's Hand       |       |       |     1 ||     1
Ability: Begin Untransform |       |       |     1 ||     1
    Use: Scroll            |       |       |    18 ||    18
   Stab: Sleeping          |       |     6 |       ||     6
 Armour: Leather armour    |     7 |    17 |       ||    24
         Plate armour      |       |       |   161 ||   161
         Chain mail        |       |       |     2 ||     2
  Dodge: Dodged            |    14 |    45 |    70 ||   129
  Block: Buckler           |     5 |    23 |    68 ||    96
   Form: Beast             |     1 |       |       ||     1

Table legend: (Time is in decaauts)
 A = Elapsed time spent in this place.
 B = Non-inter-level travel time spent in this place.
 C = Inter-level travel time spent in this place.
 D = Time resting spent in this place.
 E = Time spent auto-exploring this place.
 F = Levels seen in this place.
 G = Mean time per level.
                   A        B        C        D        E       F      G
               +--------+--------+--------+--------+--------+-----+--------+
         Total |   6024 |   5640 |    384 |    363 |   4194 |   7 |  860.6 |
       Dungeon |   6024 |   5640 |    384 |    363 |   4194 |   7 |  860.6 |
               +--------+--------+--------+--------+--------+-----+--------+

Top non-repeatable levels by time:
     D:6: 1483 daAuts
     D:4: 1210 daAuts
     D:3: 1042 daAuts
     D:5: 825 daAuts
     D:1: 820 daAuts
     D:2: 554 daAuts
     D:7: 88 daAuts
